[ AOE2 MATCH · #477287370 ]
UnrankedKhitans vs Dravidians
[ REPLAY ANALYSIS · EXTRACTED FROM THE RECORDED GAME ]
Feudal
15:25
Castle
20:16
Imperial
38:19
| APM avg | 28.3 |
| APM peak | 52 |
| eAPM avg | 20.3 |
| Villagers / military | 152 / 75 |
Focus
⚔️ 38.8% · 🌾 61.2%
Unknown (1920) ×111 · Scout Cavalry ×71 · Fishing Ship ×7 · Camel Scout ×4
Feudal
19:31
Castle
24:00
Imperial
48:56
| APM avg | 31.6 |
| APM peak | 89 |
| eAPM avg | 15.7 |
| Villagers / military | 66 / 7 |
Focus
⚔️ 10.5% · 🌾 89.5%
Monk ×5 · Mangonel ×2
Feudal
15:56
Castle
21:07
Imperial
48:14
| APM avg | 17.3 |
| APM peak | 37 |
| eAPM avg | 13.5 |
| Villagers / military | 141 / 100 |
Focus
⚔️ 25.7% · 🌾 74.3%
Spearman ×63 · Fire Lancer ×18 · Steppe Lancer ×10 · Unknown (1908) ×8 · Monk ×4 · Battering Ram ×3
Feudal
15:04
Castle
26:40
Imperial
—
| APM avg | 15.6 |
| APM peak | 47 |
| eAPM avg | 11.8 |
| Villagers / military | 82 / 72 |
Focus
⚔️ 30.5% · 🌾 69.5%
Spearman ×71 · Monk ×1
Feudal
—
Castle
—
Imperial
—
| APM avg | 564.4 |
| APM peak | 1442 |
| eAPM avg | 564.1 |
| Villagers / military | 0 / 0 |
Focus
⚔️ 65.8% · 🌾 34.2%
Feudal
—
Castle
—
Imperial
—
| APM avg | 2368.4 |
| APM peak | 21358 |
| eAPM avg | 2368.3 |
| Villagers / military | 0 / 4 |
Focus
⚔️ 99.1% · 🌾 0.9%
Scout Cavalry ×3 · Spearman ×1
Feudal
—
Castle
—
Imperial
—
| APM avg | 622.3 |
| APM peak | 938 |
| eAPM avg | 622.1 |
| Villagers / military | 0 / 223 |
Focus
⚔️ 26.6% · 🌾 73.4%
Knight ×105 · Spearman ×48 · Hand Cannoneer ×27 · Teutonic Knight ×19 · Battering Ram ×12 · Scout Cavalry ×8
Feudal
—
Castle
—
Imperial
—
| APM avg | 843.9 |
| APM peak | 3345 |
| eAPM avg | 843.6 |
| Villagers / military | 0 / 62 |
Focus
⚔️ 89.3% · 🌾 10.7%
Unknown (2384) ×91 · Unknown (2382) ×18 · Battering Ram ×14 · Archer ×13 · Spearman ×13 · Scout Cavalry ×10
Match map
Initial resources + every placement click. Lines = walls · curves = elevation contours. ◆ gold · ⬟ stone · ● berries · ✦ relic · ◌ wall gap
Your base· Open — unwalled flank
I like AOE II's base· Open — unwalled flank
One Way's base· Open — 10t gap
konradperfekt's base· Open — unwalled flank
's base· Open — opponent sealed themselves in
's base· Open — 11t gap
's base· Open — unwalled flank
's base· Open — unwalled flank
Smoothed initial terrain · ◌ = detected wall gap · hover for details
Inputs per minute
— 02 - - I like AOE II
Build order — 02
First 150 of 523 actions detected
| 0:35 | Build | Town Center |
| 1:09 | Build | Palisade Wall |
| 2:11 | Build | House |
| 2:12 | Build | House |
| 2:24 | Build | House |
| 3:42 | Create | Villager (Male) |
| 3:42 | Create | Villager (Male) |
| 3:43 | Create | Villager (Male) |
| 3:43 | Create | Villager (Male) |
| 3:46 | Research | Loom |
| 3:47 | Create | Villager (Male) ×4 |
| 3:47 | Create | Villager (Male) ×4 |
| 4:11 | Build | House |
| 4:27 | Build | House |
| 4:48 | Build | House |
| 5:03 | Build | House |
| 5:14 | Create | Villager (Male) |
| 5:19 | Build | House |
| 5:31 | Build | House |
| 5:42 | Build | House |
| 6:10 | Build | House |
| 6:14 | Build | Palisade Gate |
| 6:18 | Create | Villager (Male) |
| 6:22 | Build | Palisade Wall |
| 6:26 | Build | Palisade Gate |
| 6:50 | Build | Palisade Gate |
| 6:52 | Build | Palisade Wall |
| 6:58 | Create | Villager (Male) |
| 6:59 | Create | Villager (Male) |
| 7:45 | Create | Villager (Male) |
| 7:50 | Create | Villager (Male) |
| 8:06 | Build | House |
| 8:24 | Create | Villager (Male) |
| 8:32 | Create | Villager (Male) |
| 9:10 | Create | Villager (Male) |
| 9:26 | Create | Villager (Male) |
| 9:37 | Create | Villager (Male) |
| 10:22 | Build | Mill |
| 10:28 | Create | Villager (Male) |
| 10:54 | Create | Villager (Male) |
| 11:01 | Create | Villager (Male) |
| 11:13 | Build | House |
| 11:38 | Build | Lumber Camp |
| 11:41 | Create | Villager (Male) |
| 11:58 | Build | House |
| 12:05 | Build | Mining Camp |
| 12:05 | Create | Villager (Male) |
| 12:16 | Build | House |
| 12:19 | Create | Villager (Male) |
| 13:15 | Research | Feudal Age |
| 13:35 | Build | House |
| 13:43 | Create | Villager (Male) |
| 13:50 | Build | House |
| 14:01 | Build | House |
| 14:02 | Build | House |
| 14:05 | Build | House |
| 15:25 | Age | Feudal Age |
| 15:28 | Build | Market |
| 15:31 | Build | House |
| 15:34 | Build | Palisade Wall |
| 15:35 | Create | Villager (Male) |
| 16:13 | Build | Blacksmith |
| 16:21 | Create | Villager (Male) |
| 16:36 | Create | Villager (Male) |
| 17:06 | Build | Mining Camp |
| 17:10 | Create | Villager (Male) |
| 17:19 | Build | Palisade Wall |
| 17:28 | Build | Palisade Wall |
| 17:30 | Build | House |
| 17:32 | Research | Castle Age |
| 18:29 | Build | House |
| 18:42 | Research | Double-Bit Axe |
| 18:43 | Research | Tech 1014 |
| 18:46 | Build | House |
| 19:43 | Create | Villager (Male) |
| 20:01 | Create | Villager (Male) |
| 20:16 | Age | Castle Age |
| 20:21 | Create | Villager (Male) |
| 20:31 | Research | Bow Saw |
| 20:54 | Create | Villager (Male) |
| 21:05 | Build | Castle |
| 21:09 | Build | House |
| 21:15 | Build | Palisade Gate |
| 21:18 | Build | Palisade Wall |
| 21:28 | Create | Villager (Male) |
| 21:43 | Build | Town Center |
| 21:47 | Research | Wheelbarrow |
| 22:14 | Create | Villager (Male) |
| 22:23 | Research | Tech 1013 |
| 22:24 | Create | Villager (Male) |
| 22:37 | Build | Pasture |
| 22:38 | Build | Pasture |
| 22:58 | Build | Town Center |
| 23:32 | Build | Dock |
| 23:37 | Build | House |
| 23:38 | Build | House |
| 23:42 | Build | Palisade Wall |
| 23:43 | Create | Villager (Male) |
| 23:43 | Create | Villager (Male) |
| 24:00 | Create | Villager (Male) |
| 24:09 | Build | Pasture |
| 24:11 | Build | Pasture |
| 24:12 | Create | Fishing Ship |
| 24:24 | Create | Villager (Male) |
| 24:33 | Build | Lumber Camp |
| 24:58 | Create | Fishing Ship |
| 25:04 | Create | Villager (Male) |
| 25:08 | Build | Pasture |
| 25:11 | Create | Villager (Male) |
| 25:12 | Create | Villager (Male) |
| 25:25 | Create | Villager (Male) |
| 25:41 | Build | Pasture |
| 25:50 | Build | Mining Camp |
| 25:53 | Research | Stone Mining |
| 25:59 | Create | Villager (Male) |
| 25:59 | Create | Villager (Male) |
| 25:59 | Create | Villager (Male) |
| 26:02 | Create | Villager (Male) |
| 26:05 | Create | Villager (Male) |
| 26:24 | Build | Mining Camp |
| 26:30 | Create | Villager (Male) |
| 26:30 | Create | Villager (Male) |
| 26:30 | Create | Villager (Male) |
| 26:32 | Create | Villager (Male) |
| 26:40 | Build | Pasture |
| 26:44 | Build | Pasture |
| 26:49 | Create | Villager (Male) |
| 26:49 | Create | Villager (Male) |
| 26:49 | Create | Villager (Male) |
| 26:59 | Create | Fishing Ship |
| 27:10 | Research | Fletching |
| 27:11 | Create | Villager (Male) |
| 27:12 | Create | Villager (Male) |
| 27:12 | Create | Villager (Male) |
| 27:25 | Build | Palisade Wall |
| 27:26 | Build | House |
| 27:30 | Build | House |
| 27:33 | Build | House |
| 27:36 | Build | House |
| 27:37 | Create | Villager (Male) |
| 27:37 | Create | Villager (Male) |
| 27:37 | Create | Villager (Male) |
| 27:38 | Create | Fishing Ship |
| 27:47 | Build | Pasture |
| 27:54 | Build | Pasture |
| 28:02 | Build | Mining Camp |
| 28:16 | Build | Palisade Wall |
| 28:20 | Build | Mining Camp |
| 28:22 | Build | Palisade Wall |
| 28:29 | Create | Fishing Ship |
Build order — I like AOE II
141 actions detected in the replay
| 1:25 | Build | Palisade Wall |
| 1:31 | Build | Palisade Wall |
| 1:40 | Build | Palisade Wall |
| 1:46 | Build | Palisade Wall |
| 2:49 | Build | Town Center |
| 4:05 | Build | Palisade Wall |
| 5:33 | Create | Villager (Male) |
| 5:33 | Create | Villager (Male) |
| 5:35 | Research | Loom |
| 6:35 | Build | House |
| 6:49 | Create | Villager (Male) |
| 6:50 | Create | Villager (Male) |
| 6:50 | Create | Villager (Male) |
| 8:29 | Build | House |
| 9:26 | Create | Villager (Male) |
| 9:26 | Create | Villager (Male) |
| 9:57 | Create | Villager (Male) |
| 9:57 | Create | Villager (Male) |
| 10:23 | Create | Villager (Male) |
| 10:23 | Create | Villager (Male) |
| 10:54 | Build | Mill |
| 11:49 | Create | Villager (Male) |
| 11:49 | Create | Villager (Male) |
| 12:10 | Create | Villager (Male) |
| 13:06 | Create | Villager (Male) |
| 13:06 | Create | Villager (Male) |
| 13:26 | Create | Villager (Male) |
| 13:27 | Create | Villager (Male) |
| 13:27 | Create | Villager (Male) |
| 13:27 | Create | Villager (Male) |
| 14:15 | Create | Villager (Male) |
| 14:22 | Build | House |
| 15:30 | Create | Villager (Male) |
| 15:36 | Build | House |
| 16:10 | Create | Villager (Male) |
| 16:33 | Build | House |
| 16:41 | Create | Villager (Male) |
| 17:21 | Research | Feudal Age |
| 19:31 | Age | Feudal Age |
| 19:39 | Build | Blacksmith |
| 19:52 | Build | Market |
| 20:09 | Create | Villager (Male) |
| 20:09 | Create | Villager (Male) |
| 21:20 | Research | Castle Age |
| 21:57 | Build | House |
| 22:50 | Build | Mule Cart |
| 23:59 | Create | Villager (Male) |
| 24:00 | Create | Villager (Male) |
| 24:00 | Create | Villager (Male) |
| 24:00 | Age | Castle Age |
| 24:03 | Research | Double-Bit Axe |
| 24:22 | Create | Villager (Male) |
| 24:37 | Build | Siege Workshop |
| 24:46 | Build | Palisade Gate |
| 25:01 | Build | House |
| 25:07 | Build | Palisade Wall |
| 25:16 | Create | Villager (Male) |
| 25:52 | Create | Villager (Male) |
| 25:52 | Create | Villager (Male) |
| 25:55 | Create | Mangonel |
| 26:29 | Build | Monastery |
| 26:33 | Create | Villager (Male) |
| 26:34 | Create | Villager (Male) |
| 26:59 | Build | Palisade Gate |
| 27:10 | Create | Mangonel |
| 27:14 | Create | Monk |
| 27:14 | Create | Monk |
| 27:22 | Create | Villager (Male) |
| 27:39 | Create | Villager (Male) |
| 28:00 | Create | Monk |
| 28:37 | Create | Villager (Male) |
| 28:39 | Create | Villager (Male) |
| 28:39 | Create | Villager (Male) |
| 28:39 | Create | Villager (Male) |
| 28:39 | Create | Villager (Male) |
| 29:22 | Build | House |
| 29:43 | Create | Monk |
| 30:11 | Build | Town Center |
| 30:32 | Create | Villager (Male) |
| 30:32 | Create | Villager (Male) |
| 30:33 | Create | Villager (Male) |
| 30:36 | Research | Horse Collar |
| 31:32 | Build | House |
| 32:08 | Create | Villager (Male) |
| 32:09 | Create | Villager (Male) |
| 33:00 | Build | Mule Cart |
| 33:44 | Create | Villager (Male) |
| 33:45 | Create | Villager (Male) |
| 33:50 | Create | Villager (Male) |
| 33:50 | Create | Villager (Male) |
| 35:31 | Research | Redemption |
| 35:48 | Build | Farm |
| 35:52 | Build | Monastery |
| 36:01 | Research | Heavy Plow |
| 36:05 | Research | Wheelbarrow |
| 36:37 | Create | Villager (Male) |
| 37:34 | Create | Villager (Male) |
| 37:35 | Create | Villager (Male) |
| 37:36 | Create | Villager (Male) |
| 37:37 | Create | Villager (Male) |
| 37:37 | Create | Villager (Male) |
| 37:51 | Build | Farm |
| 37:53 | Build | Farm |
| 37:54 | Build | Farm |
| 37:55 | Build | Farm |
| 39:20 | Build | House |
| 39:27 | Build | Farm |
| 40:09 | Create | Villager (Male) |
| 40:09 | Create | Villager (Male) |
| 40:12 | Research | Town Watch |
| 40:17 | Build | Farm |
| 40:19 | Build | Farm |
| 40:19 | Build | Farm |
| 40:20 | Build | Farm |
| 40:21 | Build | Farm |
| 40:24 | Build | Farm |
| 40:26 | Build | Farm |
| 45:46 | Research | Imperial Age |
| 46:06 | Create | Monk |
| 46:07 | Research | Sanctity |
| 46:29 | Build | Farm |
| 46:30 | Build | Farm |
| 46:31 | Build | Farm |
| 46:32 | Build | Farm |
| 46:34 | Build | Farm |
| 46:34 | Build | Farm |
| 46:35 | Build | Farm |
| 46:37 | Build | Farm |
| 46:40 | Build | Mill |
| 48:20 | Build | Town Center |
| 48:56 | Age | Imperial Age |
| 49:17 | Research | Fletching |
| 49:20 | Research | Crop Rotation |
| 49:33 | Build | Mule Cart |
| 49:38 | Create | Villager (Male) |
| 49:38 | Create | Villager (Male) |
| 49:38 | Create | Villager (Male) |
| 49:39 | Create | Villager (Male) |
| 49:42 | Create | Villager (Male) |
| 49:43 | Create | Villager (Male) |
| 49:43 | Create | Villager (Male) |
Build order — One Way
First 150 of 342 actions detected
| 0:18 | Build | Town Center |
| 2:56 | Create | Villager (Male) |
| 2:56 | Create | Villager (Male) |
| 2:57 | Create | Villager (Male) |
| 2:57 | Create | Villager (Male) |
| 2:57 | Create | Villager (Male) |
| 2:57 | Create | Villager (Male) |
| 3:18 | Research | Loom |
| 3:29 | Build | House |
| 3:30 | Build | House |
| 3:32 | Build | House |
| 3:33 | Build | House |
| 3:53 | Create | Villager (Male) |
| 3:54 | Create | Villager (Male) |
| 3:54 | Create | Villager (Male) |
| 4:20 | Create | Villager (Male) |
| 4:20 | Create | Villager (Male) |
| 5:10 | Create | Villager (Male) |
| 5:11 | Create | Villager (Male) |
| 5:42 | Create | Villager (Male) |
| 5:42 | Create | Villager (Male) |
| 6:03 | Create | Villager (Male) |
| 7:25 | Build | Palisade Wall |
| 7:31 | Create | Villager (Male) |
| 7:31 | Create | Villager (Male) |
| 7:31 | Create | Villager (Male) |
| 7:32 | Create | Villager (Male) |
| 7:58 | Build | Palisade Wall |
| 8:02 | Create | Villager (Male) |
| 8:02 | Create | Villager (Male) |
| 8:26 | Create | Villager (Male) |
| 8:27 | Create | Villager (Male) |
| 9:32 | Create | Villager (Male) |
| 9:32 | Create | Villager (Male) |
| 9:54 | Create | Villager (Male) |
| 9:54 | Create | Villager (Male) |
| 9:54 | Create | Villager (Male) |
| 9:55 | Create | Villager (Male) |
| 10:45 | Build | Mining Camp |
| 10:48 | Create | Villager (Male) |
| 10:49 | Create | Villager (Male) |
| 10:55 | Build | House |
| 10:56 | Build | House |
| 10:57 | Build | House |
| 10:59 | Build | House |
| 11:10 | Create | Villager (Male) |
| 11:44 | Create | Villager (Male) |
| 11:44 | Create | Villager (Male) |
| 12:36 | Create | Villager (Male) |
| 12:37 | Create | Villager (Male) |
| 12:55 | Build | Mill |
| 12:59 | Create | Villager (Male) |
| 13:00 | Create | Villager (Male) |
| 13:08 | Create | Villager (Male) |
| 13:31 | Research | Feudal Age |
| 13:35 | Research | Feudal Age |
| 14:48 | Build | Mill |
| 14:51 | Create | Villager (Male) |
| 14:51 | Create | Villager (Male) |
| 15:26 | Build | Mining Camp |
| 15:33 | Create | Villager (Male) |
| 15:34 | Create | Villager (Male) |
| 15:56 | Age | Feudal Age |
| 16:11 | Build | Blacksmith |
| 16:22 | Build | Farm |
| 16:22 | Build | Farm |
| 16:22 | Build | Farm |
| 17:23 | Build | Market |
| 17:49 | Build | Lumber Camp |
| 17:59 | Build | Farm |
| 18:00 | Build | Farm |
| 18:12 | Build | Farm |
| 18:18 | Create | Villager (Male) |
| 18:26 | Research | Castle Age |
| 18:50 | Create | Villager (Male) |
| 18:50 | Create | Villager (Male) |
| 19:05 | Research | Horse Collar |
| 19:10 | Research | Double-Bit Axe |
| 19:24 | Build | Barracks |
| 20:21 | Create | Villager (Male) |
| 20:22 | Create | Villager (Male) |
| 20:48 | Build | Stable |
| 21:07 | Age | Castle Age |
| 21:39 | Build | Castle |
| 21:48 | Research | Husbandry |
| 21:49 | Research | Bloodlines |
| 21:50 | Create | Steppe Lancer |
| 21:50 | Create | Steppe Lancer |
| 22:43 | Build | Farm |
| 22:43 | Build | Farm |
| 22:43 | Build | Farm |
| 22:55 | Create | Villager (Male) |
| 22:55 | Create | Villager (Male) |
| 22:55 | Create | Villager (Male) |
| 22:56 | Create | Villager (Male) |
| 23:25 | Build | Archery Range |
| 23:41 | Build | Siege Workshop |
| 23:54 | Create | Steppe Lancer |
| 23:54 | Create | Steppe Lancer |
| 24:04 | Research | Squires |
| 24:04 | Research | Arson |
| 24:09 | Create | Villager (Male) |
| 24:09 | Create | Villager (Male) |
| 24:42 | Create | Villager (Male) |
| 24:43 | Create | Villager (Male) |
| 24:43 | Create | Villager (Male) |
| 24:49 | Create | Battering Ram |
| 25:09 | Create | Spearman |
| 25:09 | Create | Spearman |
| 25:13 | Research | Forging |
| 25:28 | Create | Villager (Male) |
| 25:59 | Build | Town Center |
| 26:02 | Create | Villager (Male) |
| 26:02 | Create | Villager (Male) |
| 26:59 | Research | Pikeman (upgrade) |
| 27:00 | Create | Spearman |
| 27:00 | Create | Spearman |
| 27:00 | Create | Spearman |
| 27:30 | Create | Battering Ram |
| 27:44 | Create | Spearman |
| 27:44 | Create | Spearman |
| 28:16 | Create | Villager (Male) |
| 28:16 | Create | Villager (Male) |
| 29:28 | Research | Scale Mail Armor |
| 29:29 | Research | Scale Barding Armor |
| 29:32 | Create | Villager (Male) |
| 29:32 | Create | Villager (Male) |
| 29:32 | Create | Villager (Male) |
| 29:32 | Create | Villager (Male) |
| 29:43 | Create | Villager (Male) |
| 29:43 | Create | Villager (Male) |
| 30:03 | Create | Battering Ram |
| 30:40 | Create | Villager (Male) |
| 30:40 | Create | Villager (Male) |
| 30:41 | Create | Villager (Male) |
| 30:41 | Create | Villager (Male) |
| 30:41 | Create | Villager (Male) |
| 30:41 | Create | Villager (Male) |
| 30:54 | Build | House |
| 30:56 | Build | House |
| 30:57 | Build | House |
| 30:58 | Build | House |
| 31:00 | Build | House |
| 31:01 | Build | House |
| 31:02 | Build | House |
| 31:04 | Build | House |
| 31:06 | Build | House |
| 31:44 | Create | Villager (Male) |
| 31:44 | Create | Villager (Male) |
| 31:44 | Create | Villager (Male) |
Build order — konradperfekt
First 150 of 245 actions detected
| 0:47 | Build | Town Center |
| 1:37 | Build | Lumber Camp |
| 3:04 | Create | Villager (Male) |
| 3:04 | Create | Villager (Male) |
| 3:04 | Create | Villager (Male) |
| 3:17 | Create | Villager (Male) |
| 3:30 | Build | House |
| 4:04 | Build | House |
| 4:36 | Create | Villager (Male) |
| 5:04 | Create | Villager (Male) |
| 5:05 | Create | Villager (Male) |
| 5:41 | Create | Villager (Male) |
| 5:41 | Create | Villager (Male) |
| 5:42 | Create | Villager (Male) |
| 6:39 | Create | Villager (Male) |
| 6:39 | Create | Villager (Male) |
| 6:39 | Create | Villager (Male) |
| 7:26 | Create | Villager (Male) |
| 7:27 | Create | Villager (Male) |
| 7:27 | Create | Villager (Male) |
| 7:41 | Create | Villager (Male) |
| 7:42 | Create | Villager (Male) |
| 7:42 | Create | Villager (Male) |
| 7:49 | Build | House |
| 8:24 | Create | Villager (Male) |
| 8:25 | Create | Villager (Male) |
| 8:32 | Build | House |
| 8:45 | Create | Villager (Male) |
| 8:45 | Create | Villager (Male) |
| 9:25 | Create | Villager (Male) |
| 9:26 | Create | Villager (Male) |
| 9:27 | Create | Villager (Male) |
| 10:04 | Create | Villager (Male) |
| 10:05 | Create | Villager (Male) |
| 10:54 | Create | Villager (Male) |
| 10:55 | Create | Villager (Male) |
| 11:40 | Build | Mill |
| 12:11 | Build | House |
| 12:40 | Research | Feudal Age |
| 12:40 | Research | Feudal Age |
| 12:47 | Build | Farm |
| 12:47 | Build | Farm |
| 12:47 | Build | Farm |
| 12:47 | Build | Farm |
| 12:48 | Build | Farm |
| 13:01 | Build | Farm |
| 13:01 | Build | Farm |
| 13:01 | Build | Farm |
| 13:30 | Build | Farm |
| 15:04 | Age | Feudal Age |
| 15:07 | Build | Watch Tower |
| 15:08 | Create | Villager (Male) |
| 15:09 | Create | Villager (Male) |
| 15:10 | Create | Villager (Male) |
| 16:08 | Build | Watch Tower |
| 16:22 | Create | Villager (Male) |
| 16:22 | Create | Villager (Male) |
| 17:19 | Create | Villager (Male) |
| 17:20 | Create | Villager (Male) |
| 17:41 | Build | Watch Tower |
| 18:44 | Create | Villager (Male) |
| 18:44 | Create | Villager (Male) |
| 18:51 | Create | Villager (Male) |
| 18:51 | Create | Villager (Male) |
| 19:22 | Build | Lumber Camp |
| 19:30 | Create | Villager (Male) |
| 19:31 | Create | Villager (Male) |
| 19:36 | Create | Villager (Male) |
| 20:01 | Build | Blacksmith |
| 20:26 | Build | Farm |
| 20:26 | Build | Farm |
| 20:26 | Build | Farm |
| 20:48 | Build | House |
| 20:57 | Build | House |
| 21:05 | Build | Farm |
| 21:05 | Build | Farm |
| 21:06 | Build | Farm |
| 21:06 | Build | Farm |
| 21:53 | Research | Double-Bit Axe |
| 22:03 | Build | House |
| 22:04 | Build | House |
| 22:24 | Research | Fletching |
| 22:39 | Research | Fletching |
| 22:52 | Build | Market |
| 23:00 | Create | Villager (Male) |
| 23:00 | Create | Villager (Male) |
| 24:00 | Research | Castle Age |
| 26:40 | Age | Castle Age |
| 26:48 | Build | Barracks |
| 27:23 | Create | Villager (Male) |
| 27:23 | Create | Villager (Male) |
| 27:24 | Create | Villager (Male) |
| 27:24 | Create | Villager (Male) |
| 28:12 | Create | Villager (Male) |
| 28:18 | Build | Stable |
| 28:22 | Build | Monastery |
| 29:12 | Create | Monk |
| 29:14 | Build | House |
| 29:15 | Build | House |
| 29:17 | Build | House |
| 29:21 | Create | Villager (Male) |
| 29:21 | Create | Villager (Male) |
| 30:39 | Create | Villager (Male) |
| 30:40 | Create | Villager (Male) |
| 30:47 | Build | House |
| 30:48 | Build | House |
| 31:33 | Create | Villager (Male) |
| 31:33 | Create | Villager (Male) |
| 32:04 | Create | Villager (Male) |
| 32:04 | Create | Villager (Male) |
| 32:37 | Create | Villager (Male) |
| 33:19 | Build | Town Center |
| 33:38 | Create | Villager (Male) |
| 33:39 | Create | Villager (Male) |
| 34:16 | Create | Villager (Male) |
| 34:16 | Create | Villager (Male) |
| 34:19 | Create | Villager (Male) |
| 34:20 | Create | Villager (Male) |
| 34:20 | Create | Villager (Male) |
| 34:20 | Create | Villager (Male) |
| 34:26 | Build | House |
| 34:28 | Build | House |
| 34:30 | Create | Villager (Male) |
| 34:45 | Create | Spearman |
| 34:45 | Create | Spearman |
| 34:46 | Create | Spearman |
| 34:46 | Create | Spearman |
| 34:46 | Create | Spearman |
| 35:38 | Create | Villager (Male) |
| 35:38 | Create | Villager (Male) |
| 36:04 | Build | Town Center |
| 36:12 | Build | Town Center |
| 36:15 | Create | Villager (Male) |
| 36:16 | Create | Villager (Male) |
| 36:55 | Create | Villager (Male) |
| 36:55 | Create | Villager (Male) |
| 36:56 | Create | Villager (Male) |
| 36:56 | Create | Villager (Male) |
| 37:01 | Create | Villager (Male) |
| 37:04 | Build | House |
| 37:05 | Build | House |
| 37:06 | Build | House |
| 37:09 | Create | Villager (Male) |
| 37:09 | Create | Villager (Male) |
| 37:21 | Create | Villager (Male) |
| 37:21 | Create | Villager (Male) |
| 37:26 | Research | Bow Saw |
| 37:33 | Research | Horse Collar |
| 38:18 | Research | Pikeman (upgrade) |
| 38:22 | Build | Barracks |
Build order —
First 150 of 571 actions detected
| 0:02 | Build | Town Center |
| 2:03 | Build | House |
| 4:08 | Build | House |
| 4:08 | Build | House |
| 4:58 | Research | Tech None |
| 5:35 | Build | Lumber Camp |
| 5:35 | Build | Lumber Camp |
| 5:35 | Build | Mill |
| 5:37 | Build | Mill |
| 5:39 | Build | Mill |
| 6:38 | Build | House |
| 7:08 | Build | Farm |
| 7:39 | Build | Farm |
| 8:21 | Build | Farm |
| 8:54 | Build | Farm |
| 9:12 | Build | House |
| 9:45 | Build | Farm |
| 10:27 | Build | Farm |
| 10:55 | Build | Farm |
| 11:15 | Build | House |
| 11:16 | Build | House |
| 11:17 | Build | House |
| 11:18 | Build | House |
| 11:19 | Build | House |
| 11:20 | Build | House |
| 11:20 | Build | House |
| 11:21 | Build | House |
| 11:21 | Build | House |
| 11:22 | Build | House |
| 11:22 | Build | House |
| 11:22 | Build | House |
| 11:23 | Build | House |
| 11:23 | Build | House |
| 11:24 | Build | House |
| 11:24 | Build | House |
| 11:25 | Build | House |
| 11:25 | Build | House |
| 11:26 | Build | House |
| 11:26 | Build | House |
| 11:27 | Build | House |
| 11:27 | Build | House |
| 11:28 | Build | House |
| 11:28 | Build | House |
| 11:29 | Build | House |
| 11:29 | Build | House |
| 11:30 | Build | House |
| 11:30 | Build | House |
| 11:31 | Build | House |
| 11:31 | Build | House |
| 11:32 | Build | House |
| 11:32 | Build | House |
| 11:33 | Build | House |
| 11:33 | Build | Palisade Wall |
| 11:33 | Build | Palisade Wall |
| 11:33 | Build | Palisade Wall |
| 11:33 | Build | Palisade Wall |
| 11:33 | Build | Palisade Wall |
| 11:33 | Build | House |
| 11:33 | Build | Palisade Wall |
| 11:33 | Build | Palisade Wall |
| 11:33 | Build | Palisade Wall |
| 11:34 | Build | House |
| 11:34 | Build | Palisade Wall |
| 11:35 | Build | House |
| 11:35 | Build | Palisade Wall |
| 11:36 | Build | House |
| 11:36 | Build | Palisade Wall |
| 11:36 | Build | Palisade Wall |
| 11:37 | Build | House |
| 11:37 | Build | Palisade Wall |
| 11:37 | Build | Palisade Wall |
| 11:38 | Build | House |
| 11:38 | Build | Palisade Wall |
| 11:39 | Build | House |
| 11:39 | Build | Palisade Wall |
| 11:39 | Build | Palisade Wall |
| 11:40 | Build | House |
| 11:40 | Build | Palisade Wall |
| 11:41 | Build | Palisade Wall |
| 11:41 | Build | House |
| 11:41 | Build | Palisade Wall |
| 11:42 | Build | House |
| 11:42 | Build | Palisade Wall |
| 11:42 | Build | Palisade Wall |
| 11:43 | Build | House |
| 11:43 | Build | Palisade Wall |
| 11:43 | Build | Palisade Wall |
| 11:44 | Build | House |
| 11:44 | Build | Palisade Wall |
| 11:44 | Build | Palisade Wall |
| 11:45 | Build | House |
| 11:45 | Build | Palisade Wall |
| 11:45 | Build | Palisade Wall |
| 11:46 | Build | House |
| 11:46 | Build | Palisade Wall |
| 11:46 | Build | House |
| 11:46 | Build | Palisade Wall |
| 11:47 | Build | House |
| 11:47 | Build | Palisade Wall |
| 11:47 | Build | Palisade Gate |
| 11:47 | Build | Palisade Wall |
| 11:48 | Build | House |
| 11:48 | Build | Palisade Wall |
| 11:48 | Build | Palisade Wall |
| 11:48 | Build | Palisade Wall |
| 11:48 | Build | Palisade Wall |
| 11:48 | Build | Palisade Wall |
| 11:48 | Build | Palisade Wall |
| 11:48 | Build | Palisade Wall |
| 11:48 | Build | House |
| 11:48 | Build | House |
| 11:48 | Build | Palisade Wall |
| 11:49 | Build | House |
| 11:49 | Build | Palisade Wall |
| 11:49 | Build | House |
| 11:49 | Build | Palisade Wall |
| 11:49 | Build | Palisade Wall |
| 11:49 | Build | Palisade Wall |
| 11:49 | Build | Palisade Wall |
| 11:49 | Build | Palisade Wall |
| 11:49 | Build | Palisade Wall |
| 11:50 | Build | House |
| 11:50 | Build | Palisade Wall |
| 11:51 | Build | Palisade Wall |
| 11:51 | Build | House |
| 11:51 | Build | Palisade Wall |
| 11:52 | Build | Palisade Wall |
| 11:52 | Build | House |
| 11:52 | Build | Palisade Wall |
| 11:52 | Build | Palisade Wall |
| 11:53 | Build | House |
| 11:53 | Build | Palisade Wall |
| 11:54 | Build | House |
| 11:54 | Build | Palisade Wall |
| 11:54 | Build | Palisade Wall |
| 11:55 | Build | House |
| 11:55 | Build | Palisade Wall |
| 11:55 | Build | Palisade Wall |
| 11:56 | Build | House |
| 11:56 | Build | Palisade Wall |
| 11:56 | Build | Palisade Wall |
| 11:57 | Build | House |
| 11:57 | Build | Palisade Wall |
| 11:58 | Build | House |
| 11:58 | Build | Palisade Wall |
| 11:58 | Build | Palisade Wall |
| 11:59 | Build | House |
| 11:59 | Build | Palisade Wall |
| 12:00 | Build | Palisade Wall |
| 12:00 | Build | House |
Build order —
64 actions detected in the replay
| 0:02 | Build | Town Center |
| 1:56 | Build | House |
| 2:21 | Research | Tech None |
| 4:02 | Build | Lumber Camp |
| 4:02 | Build | Lumber Camp |
| 4:27 | Build | House |
| 4:27 | Build | House |
| 5:53 | Build | Lumber Camp |
| 6:35 | Build | House |
| 8:29 | Build | Mill |
| 10:36 | Build | Farm |
| 11:04 | Build | House |
| 11:04 | Build | House |
| 11:50 | Build | Farm |
| 12:30 | Research | Tech None |
| 12:44 | Build | House |
| 12:44 | Build | House |
| 13:20 | Build | Barracks |
| 14:52 | Build | Farm |
| 14:52 | Build | Farm |
| 14:54 | Build | Stable |
| 14:54 | Research | Tech None |
| 14:55 | Research | Tech None |
| 15:10 | Build | Farm |
| 15:12 | Build | Watch Tower |
| 15:35 | Build | Farm |
| 15:35 | Create | Scout Cavalry |
| 15:35 | Create | Scout Cavalry |
| 15:35 | Create | Scout Cavalry |
| 15:46 | Build | Farm |
| 16:06 | Build | Lumber Camp |
| 16:17 | Build | Farm |
| 16:25 | Create | Spearman |
| 16:28 | Build | House |
| 16:44 | Build | Farm |
| 17:06 | Build | Farm |
| 17:16 | Build | Farm |
| 17:22 | Build | Farm |
| 17:30 | Build | Farm |
| 17:32 | Build | Farm |
| 17:45 | Build | Farm |
| 17:56 | Build | Farm |
| 17:57 | Build | Farm |
| 17:58 | Build | Farm |
| 17:59 | Build | Farm |
| 18:12 | Build | House |
| 18:38 | Build | Farm |
| 19:00 | Build | Archery Range |
| 19:31 | Build | Blacksmith |
| 20:13 | Build | Lumber Camp |
| 20:52 | Build | Archery Range |
| 20:54 | Build | Archery Range |
| 22:25 | Build | Farm |
| 22:26 | Build | Farm |
| 23:14 | Build | Market |
| 23:15 | Build | Mining Camp |
| 23:40 | Build | Market |
| 23:40 | Build | Market |
| 24:09 | Build | Market |
| 25:08 | Build | Lumber Camp |
| 25:30 | Build | Archery Range |
| 25:31 | Build | Archery Range |
| 26:09 | Build | Archery Range |
| 28:10 | Build | Lumber Camp |
Build order —
First 150 of 536 actions detected
| 0:02 | Build | Town Center |
| 2:24 | Build | House |
| 2:49 | Research | Tech None |
| 4:31 | Build | Lumber Camp |
| 4:31 | Build | Lumber Camp |
| 4:55 | Build | House |
| 6:08 | Build | Mill |
| 7:00 | Build | House |
| 7:10 | Build | Farm |
| 7:11 | Build | Farm |
| 7:25 | Build | Farm |
| 7:25 | Build | Farm |
| 8:48 | Build | Lumber Camp |
| 9:05 | Build | House |
| 9:05 | Build | House |
| 9:30 | Build | Farm |
| 9:40 | Build | Farm |
| 9:57 | Build | Farm |
| 10:18 | Build | Farm |
| 10:39 | Build | Farm |
| 11:10 | Build | House |
| 11:10 | Build | House |
| 11:21 | Build | Mining Camp |
| 11:58 | Research | Tech None |
| 12:16 | Build | Barracks |
| 14:10 | Build | Archery Range |
| 14:10 | Build | Archery Range |
| 14:11 | Build | Blacksmith |
| 14:12 | Build | House |
| 14:12 | Build | House |
| 14:15 | Research | Tech None |
| 14:36 | Research | Tech None |
| 14:57 | Build | Farm |
| 15:00 | Build | Farm |
| 15:45 | Build | Market |
| 16:01 | Research | Tech None |
| 16:16 | Build | House |
| 16:41 | Research | Tech None |
| 16:42 | Research | Tech None |
| 16:47 | Build | Stable |
| 16:52 | Build | Farm |
| 17:01 | Build | Farm |
| 17:11 | Build | House |
| 17:42 | Build | House |
| 18:08 | Build | House |
| 18:30 | Build | House |
| 18:53 | Build | House |
| 19:16 | Build | House |
| 19:22 | Research | Tech None |
| 19:22 | Research | Tech None |
| 19:22 | Create | Knight |
| 19:22 | Create | Knight |
| 19:22 | Build | Town Center |
| 19:37 | Build | Town Center |
| 19:47 | Create | Knight |
| 19:59 | Research | Tech None |
| 20:02 | Build | Farm |
| 20:09 | Build | Farm |
| 20:13 | Build | Farm |
| 20:37 | Create | Knight |
| 20:40 | Build | Farm |
| 20:52 | Build | Stable |
| 21:02 | Build | Farm |
| 21:15 | Build | Farm |
| 21:37 | Build | Siege Workshop |
| 21:40 | Build | Farm |
| 21:53 | Create | Knight |
| 21:59 | Build | Farm |
| 22:03 | Build | Farm |
| 22:05 | Build | Farm |
| 22:18 | Build | Farm |
| 22:30 | Build | Farm |
| 22:33 | Research | Tech None |
| 22:51 | Build | Farm |
| 22:51 | Build | Farm |
| 23:09 | Create | Battering Ram |
| 23:22 | Build | Farm |
| 23:39 | Create | Battering Ram |
| 24:04 | Research | Tech None |
| 24:05 | Research | Tech None |
| 24:31 | Build | Monastery |
| 24:37 | Build | House |
| 24:38 | Build | House |
| 24:51 | Build | Mining Camp |
| 25:01 | Build | Farm |
| 25:01 | Build | Lumber Camp |
| 25:03 | Build | House |
| 25:04 | Build | House |
| 25:12 | Build | Farm |
| 25:14 | Build | Farm |
| 25:15 | Create | Monk |
| 25:19 | Build | Farm |
| 25:26 | Build | Farm |
| 25:26 | Build | Lumber Camp |
| 25:28 | Build | Farm |
| 25:39 | Build | Farm |
| 25:42 | Build | Farm |
| 25:47 | Build | Farm |
| 25:53 | Build | Stone Wall |
| 25:53 | Build | Stone Wall |
| 25:53 | Build | Gate |
| 25:53 | Build | Stone Wall |
| 25:53 | Build | Stone Wall |
| 25:53 | Build | Stone Wall |
| 25:57 | Build | Farm |
| 26:00 | Build | Farm |
| 26:02 | Build | Farm |
| 26:05 | Build | Farm |
| 26:12 | Build | Farm |
| 26:19 | Build | Farm |
| 26:34 | Build | Lumber Camp |
| 26:41 | Build | House |
| 26:43 | Build | House |
| 26:49 | Create | Scout Cavalry |
| 26:51 | Create | Scout Cavalry |
| 26:53 | Build | Farm |
| 27:01 | Build | Mining Camp |
| 27:06 | Build | Farm |
| 27:19 | Create | Scout Cavalry |
| 27:24 | Build | Mill |
| 27:30 | Build | Farm |
| 27:41 | Create | Scout Cavalry |
| 27:42 | Research | Tech None |
| 27:44 | Build | House |
| 27:46 | Build | House |
| 27:53 | Research | Tech None |
| 27:56 | Build | House |
| 27:58 | Build | Farm |
| 28:10 | Build | Barracks |
| 28:20 | Build | House |
| 28:23 | Build | Farm |
| 28:28 | Build | Farm |
| 28:33 | Build | Mill |
| 28:34 | Research | Tech None |
| 28:50 | Build | Barracks |
| 29:14 | Build | Barracks |
| 29:15 | Create | Scout Cavalry |
| 29:16 | Research | Tech None |
| 29:21 | Create | Scout Cavalry |
| 29:43 | Build | House |
| 29:45 | Build | University |
| 29:45 | Build | House |
| 29:47 | Build | House |
| 29:50 | Build | House |
| 30:06 | Create | Scout Cavalry |
| 30:18 | Build | House |
| 30:21 | Build | House |
| 30:25 | Build | Stable |
| 30:37 | Build | Lumber Camp |
| 30:37 | Build | Stable |
Build order —
First 150 of 417 actions detected
| 0:02 | Build | Town Center |
| 2:10 | Build | House |
| 2:10 | Build | House |
| 2:35 | Research | Tech None |
| 4:16 | Build | Lumber Camp |
| 4:17 | Build | Lumber Camp |
| 4:41 | Build | House |
| 4:41 | Build | House |
| 5:20 | Build | Mill |
| 6:12 | Build | Farm |
| 7:04 | Build | House |
| 7:04 | Build | House |
| 7:31 | Build | Lumber Camp |
| 9:14 | Build | Farm |
| 9:15 | Build | Farm |
| 9:15 | Build | Farm |
| 9:15 | Build | Farm |
| 9:16 | Build | Farm |
| 9:32 | Build | House |
| 9:57 | Build | Farm |
| 10:19 | Build | Farm |
| 10:46 | Build | Farm |
| 11:12 | Build | Farm |
| 12:02 | Build | House |
| 12:02 | Build | House |
| 12:06 | Build | Mining Camp |
| 12:44 | Build | Farm |
| 12:51 | Build | Farm |
| 13:15 | Research | Tech None |
| 13:38 | Build | Barracks |
| 15:27 | Build | Archery Range |
| 15:27 | Build | Blacksmith |
| 15:28 | Build | House |
| 15:46 | Build | Farm |
| 15:51 | Research | Tech None |
| 16:06 | Build | Archery Range |
| 16:14 | Build | Farm |
| 16:26 | Build | House |
| 16:35 | Research | Tech None |
| 16:38 | Build | House |
| 16:59 | Build | Farm |
| 17:07 | Build | Farm |
| 17:32 | Research | Tech None |
| 18:16 | Build | Farm |
| 18:17 | Build | Farm |
| 18:27 | Build | Farm |
| 18:27 | Build | Farm |
| 18:28 | Research | Tech None |
| 18:29 | Build | House |
| 19:13 | Build | House |
| 19:39 | Build | House |
| 19:44 | Build | Farm |
| 19:44 | Build | Farm |
| 20:04 | Build | House |
| 20:13 | Research | Tech None |
| 20:13 | Research | Tech None |
| 20:13 | Create | Skirmisher |
| 20:13 | Build | Town Center |
| 20:13 | Research | Tech None |
| 20:13 | Create | Skirmisher |
| 20:14 | Build | Town Center |
| 20:27 | Research | Tech None |
| 20:51 | Research | Tech None |
| 21:03 | Research | Tech None |
| 21:13 | Build | Monastery |
| 21:20 | Create | Archer |
| 21:41 | Create | Archer |
| 21:56 | Build | Market |
| 21:56 | Build | Archery Range |
| 21:59 | Create | Archer |
| 22:29 | Create | Archer |
| 22:34 | Build | Archery Range |
| 22:43 | Create | Archer |
| 22:44 | Build | Farm |
| 22:54 | Build | Farm |
| 23:03 | Build | Farm |
| 23:05 | Create | Archer |
| 23:29 | Create | Archer |
| 23:37 | Build | Farm |
| 23:37 | Create | Archer |
| 23:39 | Build | Farm |
| 23:49 | Build | Siege Workshop |
| 24:05 | Create | Archer |
| 24:08 | Create | Archer |
| 24:11 | Research | Tech None |
| 24:18 | Build | Lumber Camp |
| 24:19 | Build | Farm |
| 24:28 | Build | House |
| 24:32 | Build | House |
| 24:35 | Create | Archer |
| 24:39 | Build | Farm |
| 24:40 | Create | Archer |
| 24:48 | Create | Archer |
| 25:14 | Build | House |
| 25:18 | Research | Tech None |
| 25:18 | Create | Battering Ram |
| 25:18 | Create | Unit 2384 |
| 25:19 | Build | Farm |
| 25:20 | Build | House |
| 25:26 | Build | Farm |
| 25:29 | Create | Unit 2384 |
| 25:30 | Build | Farm |
| 25:35 | Research | Tech None |
| 25:49 | Create | Unit 2384 |
| 26:01 | Build | Stable |
| 26:21 | Create | Battering Ram |
| 26:23 | Build | Stone Wall |
| 26:23 | Build | Gate |
| 26:23 | Build | Stone Wall |
| 26:23 | Build | Stone Wall |
| 26:23 | Build | Stone Wall |
| 26:23 | Build | Stone Wall |
| 26:30 | Build | House |
| 26:33 | Build | House |
| 26:33 | Build | House |
| 26:48 | Build | Stable |
| 27:14 | Research | Tech None |
| 27:27 | Research | Tech None |
| 27:29 | Build | Farm |
| 27:30 | Build | Farm |
| 27:35 | Build | Farm |
| 27:41 | Build | Farm |
| 27:45 | Build | Farm |
| 27:47 | Build | Farm |
| 27:54 | Build | Farm |
| 27:58 | Build | Farm |
| 28:06 | Build | Farm |
| 28:10 | Build | Castle |
| 28:10 | Build | Farm |
| 28:26 | Build | Farm |
| 28:29 | Build | Farm |
| 28:33 | Build | Lumber Camp |
| 28:33 | Build | Farm |
| 28:33 | Build | Mining Camp |
| 28:34 | Create | Unit 2384 |
| 28:40 | Build | Farm |
| 28:44 | Research | Tech None |
| 28:44 | Build | Mining Camp |
| 28:50 | Build | Farm |
| 28:53 | Create | Unit 2384 |
| 28:59 | Build | Farm |
| 29:08 | Build | Farm |
| 29:11 | Build | Mill |
| 29:11 | Build | Farm |
| 29:19 | Build | Farm |
| 29:19 | Build | Farm |
| 29:21 | Build | Farm |
| 29:24 | Build | Farm |
| 29:30 | Create | Unit 2384 |
| 29:39 | Build | Farm |
Match timeline
| 1:09 | 02 · wall_segment Palisade Wall x1 |
| 1:25 | I like AOE II · wall_segment Palisade Wall x2 |
| 1:31 | I like AOE II · wall_segment Palisade Wall x20 |
| 1:40 | I like AOE II · wall_segment Palisade Wall x23 |
| 1:46 | I like AOE II · wall_segment Palisade Wall x20 |
| 4:05 | I like AOE II · wall_segment Palisade Wall x1 |
| 6:22 | 02 · wall_segment Palisade Wall x1 |
| 6:52 | 02 · wall_segment Palisade Wall x1 |
| 7:25 | One Way · wall_segment Palisade Wall x1 |
| 7:58 | One Way · wall_segment Palisade Wall x13 |
| 12:16 | · first_building Barracks |
| 13:10 | · wall_segment Palisade Wall x2 |
| 13:13 | · wall_segment Palisade Wall x2 |
| 13:16 | · wall_segment Palisade Wall x2 |
| 13:19 | · wall_segment Palisade Wall x2 |
| 13:20 | · first_building Barracks |
| 13:38 | · first_building Barracks |
| 14:10 | · first_building Archery Range |
| 14:30 | · first_building Barracks |
| 14:54 | · first_building Stable |
| 15:04 | konradperfekt · age_up feudal |
| 15:25 | 02 · age_up feudal |
| 15:27 | · first_building Archery Range |
| 15:34 | 02 · wall_segment Palisade Wall x1 |
| 15:56 | One Way · age_up feudal |
| 16:47 | · first_building Stable |
| 17:19 | 02 · wall_segment Palisade Wall x1 |
| 17:28 | 02 · wall_segment Palisade Wall x9 |
| 19:00 | · first_building Archery Range |
| 19:24 | One Way · first_building Barracks |
| 19:31 | I like AOE II · age_up feudal |
| 19:54 | 02 · first_market_buy 100 stone |
| 20:16 | 02 · age_up castle |
| 20:37 | · first_market_sell 100 food |
| 20:48 | One Way · first_building Stable |
| 21:05 | 02 · first_building Castle |
| 21:07 | One Way · age_up castle |
| 21:13 | · first_building Monastery |
| 21:18 | 02 · wall_segment Palisade Wall x1 |
| 21:18 | One Way · first_market_buy 100 stone |
| 21:23 | One Way · first_market_sell 100 wood |
| 21:37 | · first_building Siege Workshop |
| 21:39 | One Way · first_building Castle |
| 23:25 | One Way · first_building Archery Range |
| 23:32 | 02 · first_building Dock |
| 23:41 | One Way · first_building Siege Workshop |
| 23:42 | 02 · wall_segment Palisade Wall x1 |
| 23:49 | · first_building Siege Workshop |
| 24:00 | I like AOE II · age_up castle |
| 24:31 | · first_building Monastery |
| 24:37 | I like AOE II · first_building Siege Workshop |
| 25:07 | I like AOE II · wall_segment Palisade Wall x2 |
| 26:01 | · first_building Stable |
| 26:29 | I like AOE II · first_building Monastery |
| 26:40 | konradperfekt · age_up castle |
| 26:48 | konradperfekt · first_building Barracks |
| 27:25 | 02 · wall_segment Palisade Wall x1 |
| 28:10 | · first_building Castle |
| 28:16 | 02 · wall_segment Palisade Wall x1 |
| 28:18 | konradperfekt · first_building Stable |
| 28:22 | 02 · wall_segment Palisade Wall x1 |
| 28:22 | konradperfekt · first_building Monastery |
| 29:30 | · first_market_buy 100 wood |
| 29:37 | · first_market_sell 100 food |
| 30:29 | 02 · first_building Monastery |
| 31:46 | · wall_segment Palisade Wall x2 |
| 31:49 | · wall_segment Palisade Wall x2 |
| 31:52 | · wall_segment Palisade Wall x2 |
| 31:55 | One Way · first_building Monastery |
| 32:20 | · first_building Castle |
| 33:31 | · wall_segment Palisade Wall x2 |
| 33:52 | 02 · first_building Barracks |
| 34:18 | · wall_segment Palisade Wall x2 |
| 34:21 | · wall_segment Palisade Wall x2 |
| 34:24 | · wall_segment Palisade Wall x2 |
| 34:44 | 02 · wall_segment Palisade Wall x1 |
| 35:05 | 02 · first_market_sell 500 wood |
| 38:19 | 02 · age_up imperial |
| 39:04 | 02 · first_building Stable |
| 40:25 | · wall_segment Palisade Wall x2 |
| 41:32 | · wall_segment Palisade Wall x2 |
| 41:48 | · resign |
| 47:18 | · first_market_buy 100 food |
| 48:14 | One Way · age_up imperial |
| 48:56 | I like AOE II · age_up imperial |
[ AI ANALYSIS · 1 CREDIT ]
What really happened in this match?
Wolo.gg analyzes every decision: build order, eco, micro, common mistakes by bracket. Personalized analysis on WhatsApp or Discord in 30 seconds.
Civ guide
Khitans
Perfil
Jugador #226483